 Dungeon Crawl Stone Soup version 0.20.1-1-g8b1a95d (webtiles) character file.

87 Jazqa the Cudgeler (level 4, 0/36 HPs)
             Began as a Demonspawn Gladiator on Nov 1, 2017.
             Slain by an adder (2 damage)
             ... on level 2 of the Dungeon.
             The game lasted 00:04:38 (2486 turns).

Jazqa the Cudgeler (Demonspawn Gladiator)           Turns: 2486, Time: 00:04:38

Health: 0/36       AC:  3    Str: 15    XL:     4   Next: 28%
Magic:  4/4        EV: 12    Int:  9    God:
Gold:   76         SH:  0    Dex: 15    Spells: 3/3 levels left

rFire    . . .     SeeInvis .   a - +0 flail
rCold    . . .     Gourm    .   (no shield)
rNeg     . . .     Faith    .   b - +0 leather armour
rPois    .         Spirit   .   (helmet restricted)
rElec    .         Reflect  .   (no cloak)
rCorr    .         Harm     .   (no gloves)
MR       .....                  (no boots)
Stlth    +++.......             (no amulet)
Regen    0.2/turn               (no ring)
MPRegen  0.1/turn               (no ring)

@: lethally poisoned (0 -> -7)
A: antennae 1, nightstalker 2
a: no special abilities


You were on level 2 of the Dungeon.
You were not hungry.

You visited 1 branch of the dungeon, and saw 2 of its levels.

You collected 76 gold pieces.


Innate Abilities, Weirdness & Mutations

You have a pair of small antennae on your head.
You are significantly more attuned to the shadows.


   Skills:
 + Level 3.6 Fighting
 + Level 3.7 Maces & Flails
 - Level 1.7 Throwing
 - Level 2.6 Dodging


You had 3 spell levels left.
You didn't know any spells.

Inventory:

Hand Weapons
 a - a +0 flail (weapon)
Missiles
 d - 3 throwing nets {=f}
Armour
 b - a +0 leather armour (worn)
 c - a +0 helmet
 g - a +0 pair of gloves
Scrolls
 n - a scroll of remove curse {unknown}
 o - 2 scrolls of identify {unknown}
 p - a scroll of teleportation {unknown}
Potions
 e - a potion of heal wounds {unknown}
 j - 2 potions of mutation {unknown}
 k - a potion of haste {unknown}
 m - 2 potions of curing {unknown}
Comestibles
 f - a bread ration {@e1}
 h - 2 meat rations {@e1}
 i - 6 fruits {@e2}
 l - a chunk of flesh

Dungeon Overview and Level Annotations

Branches:
Dungeon (2/15)

Altars:

....#.# #....#
#.#..### #####.#
####.# #.#....#
#.#########.#
#.##..##
#.........).#
#......#
##################
#####.## ..........#
#.# ..........# #)#
....s.....# #.#
....S@....#########.#
....b...............#
..###################
.


You could see an adder, a giant cockroach and a bat.


Message History

You hit the adder.
The adder is heavily wounded.
You feel sick. The bat closely misses you.
The giant cockroach barely misses you. The adder bites you.
* * * LOW HITPOINT WARNING * * *
Unknown command.
You miss the adder.
The adder is heavily wounded.
You feel sick. The bat hits you but does no damage. The adder bites you.
* * * LOW HITPOINT WARNING * * *
The giant cockroach closely misses you. The adder bites you.
* * * LOW HITPOINT WARNING * * *
The giant cockroach barely misses you.
You closely miss the adder.
The adder is heavily wounded.
* * * LOW HITPOINT WARNING * * *
You feel sick.
The bat misses you. x2; The adder barely misses you.
The giant cockroach barely misses you.
You closely miss the adder.
The adder is heavily wounded.
The bat closely misses you. The adder barely misses you.
The giant cockroach barely misses you. The adder bites you.
* * * LOW HITPOINT WARNING * * *
The giant cockroach waves its antennae.
The giant cockroach completely misses you.
You miss the adder.
The adder is heavily wounded.
* * * LOW HITPOINT WARNING * * *
You feel sick. The adder bites you.
You die...

Skill      XL: |  1  2  3 |
---------------+----------+-----
Maces & Flails | 3 |  3.7
Fighting       | 3 |  3.6
Throwing       | |  1.7
Dodging        | |  2.6

Action                   |  1- 3 |  4- 6 || total
-------------------------+-------+-------++-------
Melee: Flail             |   148 |    61 ||   209
 Stab: Sleeping          |     9 |     2 ||    11
  Eat: Chunk             |     4 |     1 ||     5
Armor: Leather armour    |    41 |    33 ||    74
Dodge: Dodged            |    88 |   118 ||   206

Vault maps used:
D:1:      dpeg_arrival_rooms_with_view, serial_bayou, serial_bayou_crossing,
          serial_bayou_pond_d, serial_bayou_pond_b, serial_bayou_lagoon_a,
          minivault_4
D:2:      first_bread

Notes
Turn   | Place    | Note
-------+----------+-------------------------------------------
     0 | D:1      | Jazqa the Demonspawn Gladiator began the quest for the Orb.
     0 | D:1      | Reached XP level 1. HP: 16/16 MP: 1/1
   136 | D:1      | Reached skill level 3 in Maces & Flails
   152 | D:1      | Gained mutation: You are slightly more attuned to the shadows. [demonic ancestry]
   152 | D:1      | Reached XP level 2. HP: 15/23 MP: 2/2
   772 | D:1      | Gained mutation: You are significantly more attuned to the shadows. [demonic ancestry]
   772 | D:1      | Reached XP level 3. HP: 19/28 MP: 3/3
   850 | D:1      | Reached skill level 3 in Fighting
  1939 | D:2      | Gained mutation: You have a pair of small antennae on your head. [demonic ancestry]
  1939 | D:2      | Reached XP level 4. HP: 35/35 MP: 4/4
  2485 | D:2      | HP: 3/36 [adder (4)]
  2486 | D:2      | Slain by an adder

Vanquished Creatures
  A gnoll (D:1)
  2 adders (D:2)
  3 dart slugs (D:1)
  6 giant cockroaches
  5 goblins
  5 hobgoblins
  7 jackals
  A quokka (D:2)
  5 bats
  2 frilled lizards
  6 kobolds
  7 rats
  2 plants (D:1)
52 creatures vanquished.
